 Dungeon Crawl Stone Soup version 0.16-a0-223-g37887f7 (webtiles) character file.

628360 Ololoev the Demonologist (level 27, -8/258 (260) HPs)
             Began as a Naga Wizard on Aug 15, 2014.
             Was the Champion of Cheibriados.
             Mangled by a soul eater (15 damage)
             ... summoned by Yned
             ... on Level 14 of a ziggurat on Aug 19, 2014.
             The game lasted 11:44:02 (107621 turns).

Ololoev the Demonologist (Naga Wizard)            Turns: 107621, Time: 11:44:02

HP  -8/258 (260) AC 42     Str 27      XL: 27
MP   0/49        EV 28     Int 40      God: Cheibriados [******]
Gold 6554        SH  6     Dex 27      Spells: 11 memorised,  1 level left

rFire  + + .     SeeInvis +     Z - +4 morningstar (protect)
rCold  + + .     Clarity  .     S - +10 ring mail "Zearcheme" {+Rage +Fly rF+ Slay+4}
rNeg   + + .     rCorr    .     R - +0 buckler {rC+}
rPois  +         rRot     .     G - +2 hat of the Bear Spirit {Spirit, +Rage rN+ MR++}
rElec  .         Spirit   +     T - +2 cloak {+Inv}
SustAb .         Warding  .     s - +0 pair of gloves
rMut   .         Stasis   .     h - +1 naga barding {Stlth+}
Gourm  .                        w - amulet of faith
MR     +++++                    a - ring of magical power
                                B - ring of positive energy

@: lethally poisoned, about to teleport, regenerating, studying Dodging, very
slow, almost entirely resistant to hostile enchantments, stealthy
A: spit poison, constrict 1, see invisible, cold resistance 1, deformed body,
fire resistance 1, poison resistance, slowness 2, weak 1, placid magic 1, AC +9
a: Spit Poison, Bend Time, Temporal Distortion, Slouch, Step From Time, Renounce
Religion, Evoke Berserk Rage, Evoke Invisibility, Evoke Flight
}: 3/15 runes: decaying, serpentine, silver


You were on level 14 of a ziggurat.
You worshipped Cheibriados.
Cheibriados was exalted by your worship.
You were very hungry.

You visited 10 branches of the dungeon, and saw 52 of its levels.
You visited 1 Ziggurat, and saw 14 of its levels.
You also visited: Sewer and Wizlab.

You collected 10214 gold pieces.
You spent 3660 gold pieces at shops.

Inventory:

Hand weapons
 X - a +3 sacred scourge of holy wrath
 Z - a +4 morningstar of protection (weapon)
Armour
 h - a +1 naga barding of stealth (worn)
 s - a +0 pair of gloves (worn)
 G - the +2 hat of the Bear Spirit (worn) {Spirit, +Rage rN+ MR++}
   (You found it on level 3 of the Elven Halls)

   It protects you from negative energy.
   It affects your resistance to hostile enchantments.
   It lets you go berserk.
 R - a +0 buckler of cold resistance (worn)
 S - the +10 ring mail "Zearcheme" (worn) {+Rage +Fly rF+ Slay+4}
   (You found it on level 13 of the Dungeon)

   It affects your accuracy and damage with ranged weapons and melee attacks
   (+4).
   It protects you from fire.
   It lets you fly.
   It lets you go berserk.
 T - a +2 cloak of darkness (worn)
Magical devices
 c - a wand of disintegration (4)
 q - a wand of digging (13)
 W - a wand of teleportation (0)
Comestibles
 d - 30 bread rations
 k - 16 slices of pizza
 t - 7 meat rations
 D - 13 beef jerkies
 I - 99 fruits
Scrolls
 b - 2 scrolls of amnesia
 j - a scroll of acquirement
 l - 19 scrolls of identify
 m - 9 scrolls of enchant armour
 n - 5 scrolls of fear
 p - 7 scrolls of enchant weapon
 r - 10 scrolls of remove curse
 u - a scroll of teleportation
 y - 2 scrolls of blinking
 C - 4 scrolls of recharging
 F - 6 scrolls of fog
 M - a scroll of magic mapping
 P - a scroll of immolation
 U - a scroll of brand weapon
Jewellery
 a - a ring of magical power (right hand)
 g - an uncursed amulet of resist corrosion
 w - an amulet of faith (around neck)
 B - a ring of positive energy (left hand)
 J - the amulet "Readoefu" {Ward rN+ Dex+3 Int+2}
   (You found it on level 1 of a ziggurat)

   [amulet of warding]

   It may prevent the melee attacks of summoned creatures.
   It affects your intelligence (+2).
   It affects your dexterity (+3).
   It protects you from negative energy.
Potions
 e - 5 potions of invisibility
 f - 2 potions of agility
 i - 11 potions of might
 v - 14 potions of brilliance
 H - 9 potions of restore abilities
 K - 2 potions of cure mutation
 L - 3 potions of cancellation
 N - 2 potions of resistance
Books
 Y - a manual of Dodging
Magical staves
 z - an uncursed staff of energy
 Q - an uncursed staff of summoning
Miscellaneous
 x - a fan of gales (inert)


   Skills:
 - Level 17.9 Fighting
   Level 4.3 Short Blades
 - Level 16.0 Maces & Flails
 - Level 10.0 Armour
 + Level 19.0 Dodging
 - Level 5.4 Stealth
 - Level 2.0 Shields
 - Level 11.3 Spellcasting
 - Level 12.5 Conjurations
 - Level 4.9 Charms
 * Level 26.0 Summonings
 - Level 5.0 Necromancy
 - Level 4.8 Translocations
   Level 2.2 Fire Magic
 - Level 10.7 Air Magic
 - Level 9.0 Invocations
 - Level 3.0 Evocations


You had one spell level left.
You knew the following spells:

 Your Spells              Type           Power        Failure   Level  Hunger
a - Magic Dart            Conj           ####         0%          1    None
b - Aura of Abjuration    Summ           ########..   0%          6    ###....
c - Regeneration          Chrm/Necr      #####.....   1%          3    None
d - Repel Missiles        Chrm/Air       ######       0%          2    None
e - Summon Greater Demon  Summ           ########..   0%          7    #####..
f - Dragon's Call         Summ           ########..   2%          9    #######
g - Control Teleport      Chrm/Tloc      #####.....   1%          4    None
h - Lightning Bolt        Conj/Air       ######....   1%          5    None
i - Passage of Golubria   Tloc           N/A          1%          4    None
j - Apportation           Tloc           #####.....   1%          1    None
l - Shadow Creatures      Summ           N/A          0%          5    None


Dungeon Overview and Level Annotations

Branches:
Dungeon (15/15)            Temple (1/1) D:7             Orc (4/4) D:9
    Elf (3/3) Orc:4          Lair (8/8) D:9           Swamp (5/5) Lair:6
  Snake (5/5) Lair:4        Slime (0/6) Lair:7       Vaults (5/5) D:14
  Crypt (3/3) Vaults:3       Tomb (0/3) Crypt:3      Depths (3/5) D:15

Altars:
Ashenzari
Cheibriados
Dithmenos
Elyvilon
Fedhas
Gozag
Kikubaaqudgha
Makhleb
Nemelex Xobeh
Okawaru
Qazlal
Sif Muna
Trog
Vehumet
Xom
Yredelemnul
Zin
The Shining One
Beogh
Jiyva

Shops:
D:4 *=}*(   D:14 [   Orc:1 ?   Orc:4 [*(!   Snake:2 [   Snake:3 (   Vaults:4 %
Vaults:5 %?!!:[(=   Depths:1 %   Depths:2 %

Portals:
Hell: Depths:1 Depths:2 Depths:3
Pandemonium: Depths:2 Depths:3

Annotations:
Crypt:3 exclusion: curse skull


Innate Abilities, Weirdness & Mutations

You cannot wear boots.
You can spit poison.
You can use your snake-like lower body to constrict enemies.
Your serpentine skin is tough (AC +9).
You have supernaturally acute eyesight.
Armour fits poorly on your strangely shaped body.
Your system is resistant to poisons.
You cover ground very slowly.
Your flesh is cold resistant.
Your flesh is heat resistant.
You are weak. (Str -2)
Your spells are a little easier to cast, but a little less powerful.


Message History

You lose your grip on something.
You feel sick.
Read which item? (? for menu, Esc to quit)
As you read the scroll of teleportation, it crumbles to dust.
You feel strangely unstable.
You are covered in liquid flames!
You feel a little less mighty now.
You feel sick.
You feel sick.
You puncture the soul eater! You grab the soul eater.
The soul eater is lightly wounded.
You constrict the soul eater, but do no damage.
You feel sick.
The Killer Klown blinks!
You hit the soul eater.
The soul eater is lightly wounded.
You constrict the soul eater, but do no damage.
You feel sick. The soul eater misses you.
You hit the soul eater.
The soul eater is moderately wounded.
You constrict the soul eater.
You feel sick. The soul eater hits you!
You die...

▓.......&p..▓
▓▓▓▓▓▓▓▓...........▓▓▓▓▓▓▓▓
▓.p4......................▓
▓.u......##.....##........▓
▓?!......##.....##........▓
▓?(:......................▓
▓∩?[).....................▓
▓>:)?......%.............∩▓
▓∩$"?........@3...........▓
▓":)..p..............%....▓
▓........##.....##........▓
▓........ #.....##........▓
.... .............%...▓
..........▓▓▓▓▓▓▓▓
...§.......▓ ..........▓
... .


You could see a Killer Klown and a soul eater.

Vanquished Creatures
  An ancient lich (Crypt:3)
  An orb of fire (Zig:13)
  A pandemonium lord (Zig:14)
  Margery (Vaults:2)
  3 Killer Klowns (Zig:14)
  2 golden dragons (Vaults:5)
  Frederick (Vaults:5)
  Nikola (Swamp:1)
  A bone dragon (Swamp:5)
  Asterion (Swamp:4)
  3 liches
  4 tentacled monstrosities (Vaults:5)
  An Ice Fiend (Crypt:3)
  Vashnia (Snake:4)
  4 titans (Vaults:5)
  2 deep elf blademasters (Elf:3)
  2 deep elf master archers (Elf:3)
  5 sphinxes
  6 storm dragons
  Agnes (Snake:4)
  Frances (Snake:2)
  Kirke (Snake:1)
  The ghost of xsansara the Phalangite, a mighty MiBe of Trog (D:15)
  5 shadow dragons
  A thorn hunter (Swamp:4)
  A draconian monk (Zig:2)
  4 ancient champions
  8 tengu reavers
  7 frost giants
  3 revenants
  6 greater nagas
  2 iron dragons (Vaults:5)
  Wiglaf (Vaults:5)
  3 ghost moths (Zig:10)
  A ghost moth (shapeshifter) (Zig:14)
  4 deep elf sorcerers
  A balrug (WizLab)
  21 vault wardens
  Aizul (Swamp:4)
  7 fire giants
  5 emperor scorpions
  2 spriggan defenders (Depths:3)
  Jorgrun (Snake:4)
  3 war gargoyles
  17 stone giants
  12 very ugly things
  10 reapers
  10 deep elf demonologists
  A curse skull (Crypt:3)
  A vampire knight (Depths:3)
  Azrael (Snake:4)
  A mottled draconian (shapeshifter) (Zig:14)
  5 dire elephants
  9 deep elf annihilators
  A purple draconian (Zig:2)
  A lorocyproca (Depths:3)
  A dire elephant (shapeshifter) (Depths:3)
  8 eidola (Crypt:3)
  Snorg (Lair:4)
  A blizzard demon (WizLab)
  16 ettins
  29 vault guards
  14 deep elf death magi
  4 jiangshi
  8 fire dragons
  A mummy priest (Crypt:3)
  4 minotaurs
  Josephine (Orc:4)
  A quicksilver dragon zombie (Crypt:2)
  17 yaktaur captains
  23 ironheart preservers
  3 deep elf high priests
  9 ice dragons
  Fannar (Lair:1)
  5 great orbs of eyes
  Harold (Orc:4)
  17 naga warriors
  A ravenous feature mimic (Snake:3)
  A ghost crab (shapeshifter) (Vaults:5)
  17 hydras
  4 ghost crabs
  10 rakshasas
  9 deep troll earth magi
  A monstrous demonspawn (Depths:3)
  A siren (Swamp:5)
  17 centaur warriors
  26 ogre magi
  2 spriggan air magi (Depths:3)
  2 shambling mangroves
  2 death knights
  5 vampire magi
  3 dancing weapons
  An alligator (shapeshifter) (Vaults:1)
  A death yak (shapeshifter) (Vaults:4)
  A shock serpent (shapeshifter) (Vaults:5)
  15 anacondas
  9 deep troll shamans
  12 alligators
  27 death yaks
  2 spriggan berserkers (Depths:3)
  2 orc high priests
  3 titan zombies (Crypt:3)
  Urug (Orc:4)
  22 naga sharpshooters
  13 soul eaters
  3 catoblepae
  11 shock serpents
  2 fire crabs
  3 sun demons
  A death drake (shapeshifter) (Vaults:5)
  An iron troll (shapeshifter) (Vaults:4)
  6 hell knights
  2 iron trolls
  8 shadow wraiths
  7 salamander mystics
  47 skeletal warriors
  A giant orange brain (Vaults:3)
  21 deep elf knights
  34 deep trolls
  2 unseen horrors
  A golden dragon zombie (Crypt:1)
  2 large abominations (Zig:7)
  A ghost moth zombie (Crypt:3)
  23 deep elf summoners
  3 ice devils
  7 swamp dragons
  An anaconda zombie (Crypt:3)
  A fire dragon skeleton (Vaults:2)
  24 ironbrand convokers
  16 wizards
  A death drake (Swamp:5)
  A harpy (shapeshifter) (Elf:2)
  2 orb spiders (Zig:10)
  An ice statue (D:10)
  9 naga ritualists
  An orb spider (shapeshifter) (Elf:1)
  5 flayed ghosts
  2 hellions
  A hill giant (shapeshifter) (Elf:3)
  14 orc knights
  A golden dragon skeleton (Crypt:3)
  10 hill giants
  21 necromancers
  An anaconda skeleton (Crypt:3)
  23 deep elf conjurers
  16 harpies
  A fire giant zombie (Crypt:3)
  A sphinx zombie (Vaults:3)
  7 oklob plants
  2 iron dragon zombies (Crypt:3)
  5 lindwurms
  2 sixfirhies
  2 stone giant zombies
  14 mana vipers
  6 red wasps
  78 ugly things
  9 cyclopes
  A moth of wrath (shapeshifter) (Elf:1)
  9 manticores
  2 frost giant zombies (Crypt:3)
  22 phantasmal warriors
  16 salamanders
  7 griffons
  7 wolf spiders
  A draconian (shapeshifter) (Vaults:1)
  An orc sorcerer (Elf:1)
  14 guardian serpents
  A mermaid (shapeshifter) (Depths:1)
  An iron dragon skeleton (Crypt:3)
  2 apocalypse crabs (Zig:14)
  A fire giant skeleton (Crypt:3)
  22 naga magi
  6 centaur zombies (Vaults:2)
  An elephant (shapeshifter) (Vaults:5)
  2 tormentors
  2 shock serpent skeletons
  5 guardian serpents (shapeshifter)
  3 gargoyles
  2 stone giant skeletons
  6 torpor snails
  16 elephants
  A smoke demon (Snake:2)
  18 vault sentinels
  49 black mambas
  An orange crystal statue (Swamp:5)
  4 orange demons
  An octopode (shapeshifter) (Depths:3)
  A storm dragon simulacrum (Crypt:1)
  28 spiny frogs
  2 dire elephant skeletons
  A komodo dragon (shapeshifter) (D:13)
  A mottled draconian zombie (Crypt:2)
  A tengu conjurer (D:15)
  An efreet (D:15)
  66 yaktaurs
  An iron devil (Depths:1)
  2 elves (shapeshifter)
  8 komodo dragons
  5 swamp worm zombies (Swamp:5)
  A ghost moth simulacrum (Crypt:1)
  3 kobold demonologists
  3 silent spectres
  4 fire drakes
  4 demonic crawlers
  3 guardian mummies (Crypt:3)
  30 deep elf priests
  5 spriggan druids
  13 hellwings (Crypt:3)
  2 yaktaurs (shapeshifter)
  3 hydra zombies
  5 polar bears (Lair:8)
  50 slime creatures
  45 two-headed ogres
  A death drake zombie (Crypt:1)
  12 freezing wraiths
  9 giant leeches
  A polar bear (shapeshifter) (Vaults:5)
  2 baby alligators (Swamp:3)
  5 blink frogs
  A harpy skeleton (Crypt:2)
  13 ravens
  16 trolls
  A hydra skeleton (Crypt:3)
  4 jumping spiders
  11 bog bodies
  A wind drake (Zig:5)
  A trapdoor spider zombie (D:11)
  4 alligator zombies
  A sphinx simulacrum (Depths:2)
  3 ice dragon zombies (Crypt:3)
  10 flying skulls
  A blink frog (shapeshifter) (Depths:3)
  2 spectral swamp dragons (Swamp:5)
  A jumping spider zombie (Crypt:2)
  A griffon zombie (Crypt:1)
  A fire giant simulacrum (Depths:2)
  21 redbacks
  2 stone giant simulacra
  14 boulder beetles
  A black mamba zombie (Crypt:3)
  4 ettin zombies
  4 tarantellas
  2 minotaur skeletons (Crypt:2)
  3 wyverns
  8 vampires
  41 yaks
  5 basilisks
  16 wraiths
  A redback (shapeshifter) (Vaults:1)
  38 deep elf magi
  2 ice dragon skeletons (Crypt:3)
  A spriggan skeleton (Depths:2)
  A yak (shapeshifter) (Vaults:5)
  2 trapdoor spiders
  A hill giant zombie (D:15)
  20 spriggans
  8 shadows
  2 ynoxinuls
  5 hogs
  62 deep elf fighters
  5 neqoxecs
  18 hippogriffs
  3 hungry ghosts
  17 fire elementals
  32 wolves
  3 wargs
  3 fire bats (Depths:1)
  A hell beast (Depths:2)
  29 vampire mosquitoes
  2 chaos spawn (WizLab)
  A human (D:7)
  A soldier ant (D:13)
  53 water moccasins
  68 nagas
  3 mottled dragons
  23 swamp worms
  6 raven skeletons (Crypt:3)
  A spiny frog zombie (Crypt:3)
  12 yellow wasps
  A tengu skeleton (D:13)
  4 hell hounds
  4 human skeletons
  11 ice beasts
  7 sky beasts
  36 orc warriors
  A yellow wasp (shapeshifter) (Vaults:5)
  An elephant zombie (Crypt:1)
  13 black bears
  9 phantoms
  4 swamp drakes
  4 spiders
  An ettin simulacrum (Vaults:1)
  3 swamp dragon zombies (Swamp:5)
  A tengu (shapeshifter) (D:14)
  109 ogres
  3 ogres (shapeshifter)
  14 porcupines
  A snapping turtle zombie (Crypt:3)
  12 boggarts (Depths:2)
  3 necrophages
  A snapping turtle skeleton (Crypt:3)
  28 centaurs
  A torpor snail zombie (Crypt:2)
  2 lost souls (Elf:3)
  A boring beetle (Lair:5)
  Sigmund (D:3)
  17 giant frogs
  A hog skeleton (Crypt:2)
  21 crocodiles
  2 big kobolds
  An octopode zombie (Crypt:1)
  A cyclops zombie (D:14)
  A gnoll sergeant (D:9)
  2 tengu simulacra
  28 insubstantial wisps
  A yaktaur skeleton (D:15)
  A deep troll simulacrum (Vaults:3)
  A yak zombie (Crypt:1)
  A cyclops skeleton (D:14)
  A wyvern skeleton (D:13)
  2 eyes of draining
  3 human simulacra
  9 scorpions
  A troll zombie (D:8)
  4 killer bees
  5 electric eels
  A troll skeleton (D:13)
  16 crimson imps
  2 goliath beetles
  12 wights
  A goliath beetle (shapeshifter) (Vaults:5)
  3 giant frog zombies
  6 jellies
  4 elf zombies
  19 human zombies
  34 orc priests
  3 quasits
  22 hounds
  20 worker ants
  5 iron imps
  2 elf skeletons
  A giant frog skeleton (D:11)
  16 iguanas
  43 orc wizards
  4 spectral swamp drakes (Swamp:5)
  30 sheep
  9 orange rats
  A big kobold zombie (D:7)
  A dwarf skeleton (Crypt:2)
  A naga skeleton (Crypt:3)
  Terence (D:2)
  A hound skeleton (D:5)
  A mummy (Crypt:3)
  A worker ant zombie (D:5)
  38 adders
  A scorpion zombie (D:9)
  3 gnolls (D:9)
  78 green rats
  7 shadow imps
  2 swamp drake zombies (Swamp:5)
  7 giant mites
  2 white imps
  A worm (D:2)
  9 ufetubi
  An iguana zombie (Crypt:1)
  2 adder zombies
  An adder skeleton (D:7)
  5 giant geckos
  265 orcs
  14 ball pythons (Sewer)
  A bat skeleton (D:4)
  A gnoll zombie (Crypt:1)
  23 goblins
  18 hobgoblins
  15 quokkas
  12 bats
  5 giant cockroaches
  7 giant newts
  A giant spore (D:15)
  A goblin zombie (Orc:4)
  A hobgoblin skeleton (Orc:4)
  A hobgoblin zombie (D:6)
  14 jackals
  20 kobolds
  A kobold skeleton (D:5)
  A lava orc skeleton (Crypt:2)
  5 orc skeletons
  An orc zombie (Orc:4)
  41 rats
  2 bushes (Lair:8)
  14 crawling corpses
  10 fungi
  13 plants
3482 creatures vanquished.

Vanquished Creatures (collateral kills)
  2 orbs of fire (Zig:13)
  The ghost of Tolias the Ninja, a legendary SpCK of Xom (Zig:11)
  Mara (Vaults:2)
  Xtahua (Vaults:2)
  A Brimstone Fiend (WizLab)
  A hellephant (Zig:11)
  An Ice Fiend (Vaults:2)
  A tentacled starspawn (Zig:7)
  2 daevas (Zig:9)
  4 fire giants (Zig:13)
  A vault warden (Vaults:2)
  5 angels (Zig:9)
  A very ugly thing (Zig:14)
  4 ophanim (Zig:9)
  A reaper (WizLab)
  2 dire elephants (Zig:11)
  3 fire dragons (Zig:13)
  2 hydras
  A deep troll earth mage (Vaults:5)
  A thrashing horror (Zig:7)
  A spriggan (Swamp:4)
  A deep elf knight (Vaults:2)
  A soul eater (WizLab)
  A wretched star (Zig:7)
  A cherub (Zig:9)
  2 ice devils (WizLab)
  A necromancer (Vaults:2)
  A red wasp (shapeshifter) (Zig:14)
  An ironbrand convoker (Vaults:5)
  An ugly thing (Zig:14)
  An elephant (Zig:11)
  A black mamba (Zig:11)
  2 spiny frogs (Zig:11)
  An orange crystal statue (Zig:7)
  2 smoke demons (Zig:7)
  4 komodo dragons (Zig:11)
  2 swamp worm zombies (Swamp:5)
  An ancient zyme (Zig:7)
  A yaktaur (Vaults:2)
  2 fire drakes
  4 efreet
  A hydra zombie (Swamp:5)
  Prince Ribbit (D:7)
  A giant leech (Swamp:1)
  A boulder beetle (Zig:11)
  2 slime creatures (Swamp:5)
  A flying skull (Crypt:3)
  A raven (Swamp:4)
  2 yaks
  A fire elemental (Zig:13)
  An elf zombie (Vaults:2)
  A deep elf mage (Depths:3)
  A wraith (Zig:7)
  2 hippogriffs
  2 chaos spawn
  A swamp worm (Swamp:1)
  2 wolves (D:9)
  2 orc warriors
  A hell hound (Zig:13)
  An ogre skeleton (Vaults:2)
  A yellow wasp (Swamp:4)
  A swamp dragon zombie (Swamp:5)
  2 phantoms
  2 ogres (D:9)
  A crocodile (Zig:11)
  A centaur (D:9)
  Blork the orc (Elf:3)
  8 insubstantial wisps (Swamp:5)
  A hound (D:3)
  An orc priest (Orc:2)
  A worker ant (D:4)
  5 adders (Zig:11)
  An inept feature mimic (D:4)
  8 orcs
  A ball python (Sewer)
  2 goblins
  A jackal (D:6)
  A starspawn tentacle (Zig:7)
132 creatures vanquished.

Vanquished Creatures (others)
  A Killer Klown (Zig:14)
  5 golden dragons
  4 storm dragons
  5 quicksilver dragons
  2 shadow dragons
  A frost giant (Zig:12)
  3 fire giants
  An iron dragon (Zig:13)
  3 vault wardens
  2 cacodemons
  A war gargoyle (Vaults:5)
  A reaper (Vaults:5)
  A lorocyproca (Vaults:2)
  A deep elf death mage (Crypt:2)
  2 ironheart preservers
  8 fire dragons
  3 vault guards (Vaults:5)
  4 ice dragons
  2 deep troll shamans (Vaults:5)
  2 ogre magi (Vaults:2)
  A shadow demon (Crypt:3)
  A spriggan druid (Swamp:4)
  3 deep trolls (Vaults:5)
  A wizard (Depths:2)
  2 ironbrand convokers (Vaults:5)
  A deep elf conjurer (Elf:3)
  A griffon (shapeshifter) (Vaults:5)
  A red wasp (Swamp:5)
  3 ugly things
  2 drowned souls (Swamp:5)
  An iron devil (Zig:14)
  The ghost of Ololoev the Gusty, an experienced TeAE of Sif Muna (D:5)
  8 yaktaurs
  A slime creature (D:15)
  A bog body (Swamp:4)
  A giant leech (Swamp:5)
  2 deep elf magi
  An air elemental (Zig:14)
  A vampire mosquito (Swamp:4)
  A fire bat (Depths:1)
  2 humans (Snake:1)
  A deep elf fighter (Vaults:3)
  A mottled dragon (Zig:5)
  3 swamp drakes
  3 water moccasins
  6 ogres
  21 lost souls
  5 crimson imps
  An orc priest (Orc:4)
  2 iron imps
  3 white imps
  6 shadow imps
  A lurking horror (Zig:7)
  2 crawling corpses (Elf:2)
  53 fungi
  27 plants
  A starspawn tentacle (Zig:7)
  10 toadstools (Lair:8)
234 creatures vanquished.

Grand Total: 3848 creatures vanquished

Notes
Turn   | Place    | Note
--------------------------------------------------------------
     0 | D:1      | Ololoev, the Naga Wizard, began the quest for the Orb.
     0 | D:1      | Reached XP level 1. HP: 15/15 MP: 4/4
   491 | D:1      | Reached XP level 2. HP: 22/22 MP: 6/6
  1051 | D:2      | Reached XP level 3. HP: 28/28 MP: 1/7
  1289 | D:2      | Learned a level 2 spell: Call Imp
  1293 | D:2      | Learned a level 3 spell: Conjure Flame
  1443 | D:2      | Noticed Terence
  1450 | D:2      | Killed Terence
  1450 | D:2      | Reached XP level 4. HP: 24/36 MP: 2/9
  2348 | D:3      | Reached XP level 5. HP: 42/42 MP: 4/11
  2601 | D:3      | Noticed Sigmund
  2616 | D:3      | Killed Sigmund
  2616 | D:3      | Reached skill level 4 in Summonings
  2714 | D:3      | Learned a level 2 spell: Repel Missiles
  2923 | D:4      | Found Feifor's Weapon Emporium.
  2979 | D:4      | Found a staircase to the Ecumenical Temple.
  2992 | D:4      | the staircase to the Ecumenical Temple was a mimic.
  3205 | D:4      | Reached skill level 1 in Air Magic
  3438 | D:4      | Reached XP level 6. HP: 49/49 MP: 6/12
  3527 | D:4      | Found Trerph's Jewellery Emporium.
  3527 | D:4      | Noticed an ogre
  3539 | D:4      | Killed an ogre
  3544 | D:4      | Learned a level 3 spell: Mephitic Cloud
  3839 | D:4      | Found Kaeqipt's General Store.
  3861 | D:4      | Got a smoking short sword
  3871 | D:4      | Identified the +10 short sword "Twesex" {slice, +Inv SInv} (You found it on level 4 of the Dungeon)
  3985 | D:4      | Found Mofege's Assorted Antiques.
  3994 | D:4      | Bought an embroidered robe for 18 gold pieces
  3994 | D:4      | Bought a runed leather armour for 54 gold pieces
  4209 | D:4      | Reached XP level 7. HP: 42/55 MP: 10/14
  4314 | D:4      | Noticed an ogre
  4319 | D:4      | Killed an ogre
  4362 | D:4      | Found Cuawoid's Gadget Boutique.
  4576 | D:5      | Entered Level 5 of the Dungeon
  4692 | D:5      | Reached skill level 5 in Conjurations
  4995 | D:5      | Reached XP level 8. HP: 31/62 MP: 6/16
  5010 | D:5      | Noticed Ololoev's ghost (experienced TeAE)
  5035 | D:5      | HP: 3/62 [Ololoev's ghost/zap (9)]
  5035 | D:5      | Killed Ololoev's ghost
  5038 | D:5      | Reached skill level 6 in Conjurations
  6074 | D:6      | Found a glowing drain.
  6080 | Sewer    | Entered a sewer
  6126 | Sewer    | Reached skill level 5 in Spellcasting
  6188 | Sewer    | Reached skill level 7 in Conjurations
  6502 | Sewer    | Reached XP level 9. HP: 47/68 MP: 16/21
  6763 | D:6      | Found a shadowy altar of Dithmenos.
  7205 | D:6      | Reached skill level 8 in Conjurations
  7575 | D:7      | Noticed Prince Ribbit
  7605 | D:7      | Killed Prince Ribbit
  7732 | D:7      | Found an iron altar of Okawaru.
  8216 | D:7      | Reached skill level 9 in Conjurations
  8224 | D:7      | Reached XP level 10. HP: 62/75 MP: 13/25
  8518 | D:7      | Found a staircase to the Ecumenical Temple.
  8528 | Temple   | Entered the Ecumenical Temple
  8587 | Temple   | Became a worshipper of Cheibriados the Contemplative
  8591 | Temple   | Learned a level 2 spell: Blink
  8773 | D:8      | Reached skill level 1 in Invocations
 10295 | D:9      | Reached skill level 10 in Conjurations
 10330 | D:9      | Reached skill level 5 in Invocations
 10390 | D:9      | Acquired Cheibriados' first power
 10793 | D:9      | Learned a level 4 spell: Control Teleport
 10876 | D:9      | Reached skill level 1 in Shields
 10910 | D:9      | Reached skill level 5 in Summonings
 10930 | D:9      | Found a staircase to the Orcish Mines.
 10949 | D:9      | Reached XP level 11. HP: 35/81 MP: 3/27
 11247 | D:9      | Found a staircase to the Lair.
 11347 | D:9      | Acquired Cheibriados' second power
 11449 | Orc:1    | Entered Level 1 of the Orcish Mines
 11687 | Orc:1    | Found Qiteh's Magic Scroll Shop.
 11948 | Orc:1    | Bought a scroll of identify for 32 gold pieces
 11948 | Orc:1    | Bought a scroll of identify for 32 gold pieces
 11948 | Orc:1    | Bought a scroll of fear for 56 gold pieces
 11948 | Orc:1    | Bought a scroll of fear for 56 gold pieces
 11991 | Orc:1    | Acquired Cheibriados' third power
 12969 | Orc:2    | Found a roughly hewn altar of Beogh.
 15007 | Orc:3    | Noticed an orc high priest
 15099 | Orc:3    | Upgraded the game from 0.16-a0-148-g3b84123 to 0.16-a0-212-g3ed950e
 15161 | Orc:3    | Killed an orc high priest
 15541 | Orc:4    | Entered Level 4 of the Orcish Mines
 15575 | Orc:4    | Noticed Harold
 15623 | Orc:4    | Killed Harold
 15623 | Orc:4    | Reached skill level 5 in Stealth
 15828 | Orc:4    | Noticed Urug
 15976 | Orc:4    | Killed Urug
 15976 | Orc:4    | Reached skill level 1 in Fighting
 15976 | Orc:4    | Reached skill level 1 in Short Blades
 16603 | Lair:1   | Entered Level 1 of the Lair of Beasts
 16631 | Lair:1   | Got a jewelled ring mail
 16643 | Lair:1   | Identified the cursed -5 ring mail "Tweilesa" {rC+} (You found it on level 1 of the Lair of Beasts)
 17063 | Lair:1   | Reached XP level 12. HP: 72/93 MP: 28/28
 17541 | Lair:1   | Noticed Fannar
 17565 | Lair:1   | Killed Fannar
 19774 | Lair:3   | Got a dazzling ring mail
 19786 | Lair:3   | Identified the +1 ring mail of the Black Moon {+Inv} (You found it on level 3 of the Lair of Beasts)
 19968 | Lair:3   | Reached skill level 1 in Armour
 21304 | Lair:3   | Reached skill level 5 in Fighting
 21539 | Lair:4   | Noticed a death yak
 21556 | Lair:4   | Killed a death yak
 21825 | Lair:4   | Noticed Snorg
 21833 | Lair:4   | Killed Snorg
 22011 | Lair:4   | Found a staircase to the Snake Pit.
 22046 | Lair:4   | Reached XP level 13. HP: 87/111 MP: 22/29
 22496 | Lair:4   | Noticed a four-headed hydra
 22511 | Lair:4   | Killed a nine-headed hydra
 23581 | Lair:5   | Learned a level 2 spell: Shroud of Golubria
 23586 | Lair:5   | Learned a level 4 spell: Passage of Golubria
 23588 | Lair:5   | Learned a level 1 spell: Apportation
 24283 | Lair:5   | Reached skill level 5 in Dodging
 25388 | Lair:6   | Found a staircase to the Swamp.
 26245 | Lair:6   | Reached skill level 5 in Armour
 26785 | Lair:7   | Learned a level 5 spell: Lightning Bolt
 27763 | Lair:7   | Reached skill level 5 in Air Magic
 27769 | Lair:7   | Reached skill level 11 in Conjurations
 27868 | Lair:7   | Found a staircase to the Slime Pits.
 27868 | Lair:7   | Found a viscous altar of Jiyva.
 28071 | Lair:7   | Reached XP level 14. HP: 86/123 MP: 11/30
 28960 | Lair:8   | Entered Level 8 of the Lair of Beasts
 29707 | Lair:8   | Reached skill level 10 in Spellcasting
 29707 | Lair:8   | Reached skill level 12 in Conjurations
 29743 | Lair:8   | HP: 6/123 [death yak (18)]
 30175 | Lair:6   | Learned a level 5 spell: Fireball
 30743 | Orc:4    | Noticed Josephine
 30749 | Orc:4    | Killed Josephine
 30749 | Orc:4    | Reached skill level 1 in Fire Magic
 30777 | Orc:4    | Noticed an ogre mage
 30781 | Orc:4    | Noticed a deep troll
 30782 | Orc:4    | Noticed a hill giant
 30783 | Orc:4    | Killed a hill giant
 30786 | Orc:4    | Noticed a hill giant
 30786 | Orc:4    | Noticed an ogre mage
 30790 | Orc:4    | Killed a deep troll
 30790 | Orc:4    | Found a staircase to the Elven Halls.
 31021 | Orc:4    | Found Qetur's Weapon Shoppe.
 31021 | Orc:4    | Found Wapletwo's Armour Shop.
 31538 | Orc:4    | Noticed a deep troll
 31542 | Orc:4    | Killed a hill giant
 32218 | Orc:4    | Killed an ogre mage
 32218 | Orc:4    | Reached skill level 1 in Maces & Flails
 32229 | Orc:4    | Killed an ogre mage
 32588 | Orc:4    | Found Erileid's Distillery.
 32706 | Orc:4    | Reached XP level 15. HP: 97/129 MP: 27/33
 32760 | Orc:4    | Killed a deep troll
 32919 | Orc:4    | Bought a potion of degeneration for 34 gold pieces
 32919 | Orc:4    | Bought a potion of heal wounds for 51 gold pieces
 32919 | Orc:4    | Bought a potion of heal wounds for 51 gold pieces
 32919 | Orc:4    | Bought a potion of poison for 17 gold pieces
 32919 | Orc:4    | Bought a potion of heal wounds for 51 gold pieces
 32933 | Orc:4    | Found Sevaan's Assorted Antiques.
 32945 | Orc:4    | Bought a pearl ring for 165 gold pieces
 33710 | Elf:1    | Entered Level 1 of the Elven Halls
 33944 | Elf:1    | Found a radiant altar of Vehumet.
 34161 | Elf:1    | Reached skill level 5 in Maces & Flails
 35264 | Elf:1    | Got a faintly glowing platinum ring
 35266 | Elf:1    | Identified the ring "Vikhlas" {MP+9 Int-3} (You found it on level 1 of the Elven Halls)
 39341 | Lair:8   | Reached XP level 16. HP: 133/138 MP: 18/33
 39623 | Lair:8   | Reached skill level 10 in Maces & Flails
 40736 | Lair:8   | Found a blossoming altar of Fedhas.
 41136 | Snake:1  | Entered Level 1 of the Snake Pit
 41356 | Snake:1  | Reached skill level 10 in Dodging
 42089 | Snake:1  | Noticed Kirke
 42113 | Snake:1  | Killed Kirke
 43800 | Snake:2  | Noticed Frances
 43805 | Snake:2  | Killed Frances
 43955 | Snake:2  | Gained mutation: You can breathe flames. [potion of beneficial mutation]
 44125 | Snake:2  | Found Plui's Armour Boutique.
 44146 | Snake:2  | Bought the +6 lightning scales {run, rElec} for 1656 gold pieces
 44535 | Snake:2  | Reached XP level 17. HP: 146/146 MP: 34/34
 44709 | Snake:3  | Reached skill level 13 in Maces & Flails
 44709 | Snake:3  | Reached XP level 18. HP: 108/154 MP: 25/35
 45472 | Snake:3  | Found Ytagu's Antique Weapon Emporium.
 45479 | Snake:3  | Bought a glowing morningstar for 124 gold pieces
 45628 | Snake:3  | Found an iron altar of Okawaru.
 46166 | Snake:3  | Found Deetererr's Book Shoppe.
 46472 | Snake:3  | Deetererr's Book Shoppe was a mimic.
 46831 | Snake:4  | Noticed Agnes
 46832 | Snake:4  | Killed Agnes
 46842 | Snake:4  | Noticed Vashnia
 46842 | Snake:4  | Reached skill level 14 in Maces & Flails
 46844 | Snake:4  | Noticed Azrael
 47331 | Snake:5  | Entered Level 5 of the Snake Pit
 48284 | Snake:4  | Killed Vashnia
 48415 | Snake:4  | Noticed Jorgrun
 48418 | Snake:4  | Killed Jorgrun
 48442 | Snake:4  | Killed Azrael
 51220 | Snake:5  | Reached skill level 15 in Maces & Flails
 52051 | Snake:5  | Reached XP level 19. HP: 161/163 MP: 35/35
 53255 | Snake:5  | Reached skill level 16 in Maces & Flails
 54337 | Snake:5  | Got a serpentine rune of Zot
 55533 | D:10     | Entered Level 10 of the Dungeon
 55896 | D:10     | Identified the Tome of Translocation and Flames
 56884 | D:11     | Learned a level 5 spell: Shadow Creatures
 57667 | D:11     | Reached skill level 10 in Fighting
 57922 | D:12     | Gained mutation: You are partially covered in large bone plates (AC +2, SH +2). [potion of beneficial mutation]
 59851 | D:13     | Got a distressingly furry ring mail
 59863 | D:13     | Identified the +10 ring mail "Zearcheme" {+Rage +Fly rF+ Slay+4} (You found it on level 13 of the Dungeon)
 61144 | D:14     | Reached XP level 20. HP: 171/181 MP: 36/36
 61145 | D:14     | Found Ylediumpe's Antique Armour Emporium.
 61312 | D:14     | Found a gate to the Vaults.
 61670 | D:15     | Entered Level 15 of the Dungeon
 61682 | D:15     | Noticed xsansara's ghost (mighty MiBe)
 61700 | D:15     | Killed xsansara's ghost
 62529 | D:15     | Found a staircase to the Depths.
 62575 | Depths:1 | Entered Level 1 of the Depths
 63527 | Depths:1 | Found a gateway to a ziggurat.
 63564 | Depths:1 | Gained mutation: Your spells are a little easier to cast, but a little less powerful. [potion of mutation]
 63564 | Depths:1 | Gained mutation: Your body is slowly deteriorating. [potion of mutation]
 63564 | Depths:1 | Gained mutation: You occasionally shout uncontrollably at your foes. [potion of mutation]
 63565 | Depths:1 | Lost mutation: Your body is slowly deteriorating. [potion of cure mutation]
 63565 | Depths:1 | Lost mutation: You occasionally shout uncontrollably at your foes. [potion of cure mutation]
 63565 | Depths:1 | Lost mutation: Your spells are a little easier to cast, but a little less powerful. [potion of cure mutation]
 63565 | Depths:1 | Lost mutation: You are partially covered in large bone plates (AC +2, SH +2). [potion of cure mutation]
 63565 | Depths:1 | Lost mutation: You can breathe flames. [potion of cure mutation]
 64751 | Depths:1 | Found a gateway to Hell.
 65893 | Depths:1 | Found Ywkuaj's Food Shoppe.
 66584 | Depths:2 | Reached XP level 21. HP: 172/199 MP: 35/36
 67141 | Depths:2 | Got an iridescent whip
 67142 | Depths:2 | Identified the +6 whip "Aseal" {freeze, rPois rF+ rN+} (You found it on level 2 of the Depths)
 67184 | Depths:2 | Reached skill level 15 in Fighting
 67283 | Depths:2 | Reached skill level 10 in Armour
 67460 | Depths:2 | HP: 10/201 [frost giant/bolt of cold (14)]
 68330 | Depths:2 | Found Eqoejot's Food Emporium.
 68565 | Depths:2 | Found a one-way gate leading to the halls of Pandemonium.
 68976 | Depths:2 | Got a shimmering platinum ring
 68978 | Depths:2 | Identified the ring of Kumol {Str+1 Dex+3} (You found it on level 2 of the Depths)
 70606 | Depths:3 | Reached skill level 10 in Air Magic
 71232 | Depths:3 | Found a basalt altar of Yredelemnul.
 71344 | Depths:3 | Gained mutation: You can exhale a cloud of poison. [potion of beneficial mutation]
 72567 | Depths:3 | Reached skill level 10 in Summonings
 72629 | Depths:3 | Reached XP level 22. HP: 147/210 MP: 23/38
 73667 | Elf:3    | Entered Level 3 of the Elven Halls
 73689 | Elf:3    | Learned a level 6 spell: Aura of Abjuration
 73899 | Elf:3    | Noticed Blork the orc
 73907 | Elf:3    | Killed Blork the orc
 73912 | Elf:3    | Found a deep blue altar of Sif Muna.
 74991 | Elf:3    | Identified a +2 rod of striking (13/13) (You took it off a deep elf demonologist on level 3 of the Elven Halls)
 75009 | Elf:3    | Identified a +4 rod of inaccuracy (11/11) (You took it off a deep elf conjurer on level 3 of the Elven Halls)
 75026 | Elf:3    | Got an uncursed smoking great sword
 75862 | Elf:3    | Got a shimmering steel amulet
 75865 | Elf:3    | Identified the amulet "Naotteo" {Gourm Str-2 SInv} (You took it off a deep elf blademaster on level 3 of the Elven Halls)
 75870 | Elf:3    | Got a shimmering chain mail
 75882 | Elf:3    | Identified the +4 chain mail "Typhom" {Str+4 Int+3} (You took it off a deep elf blademaster on level 3 of the Elven Halls)
 75923 | Elf:3    | Got a crude blowgun
 75924 | Elf:3    | Identified the +4 blowgun of Okawaru {speed, Str+4} (You found it on level 3 of the Elven Halls)
 76118 | Elf:3    | Got a faintly glowing jade amulet
 76177 | Elf:3    | Identified the amulet of Piwen {Gourm Str+2 Dex+5} (You took it off a deep elf annihilator on level 3 of the Elven Halls)
 76772 | Swamp:1  | Entered Level 1 of the Swamp
 76857 | Swamp:1  | Noticed Nikola
 76871 | Swamp:1  | Killed Nikola
 79439 | Swamp:4  | Noticed Asterion
 79461 | Swamp:4  | Killed Asterion
 79684 | Swamp:4  | Found an ancient bone altar of Kikubaaqudgha.
 79800 | Swamp:4  | Noticed Aizul
 79817 | Swamp:4  | Killed Aizul
 80417 | Swamp:4  | Reached XP level 23. HP: 217/217 MP: 38/38
 80591 | Swamp:4  | Reached skill level 15 in Summonings
 80605 | Swamp:4  | Learned a level 7 spell: Summon Greater Demon
 81099 | Swamp:5  | Entered Level 5 of the Swamp
 81347 | Swamp:5  | Identified a scroll of acquirement
 81348 | Swamp:5  | Identified the Guide on Calling (You acquired it on level 5 of the Swamp)
 82845 | Swamp:5  | Got a decaying rune of Zot
 83629 | Vaults:1 | Entered Level 1 of the Vaults
 83757 | Vaults:1 | Identified a +4 rod of striking (11/11) (You found it on level 1 of the Vaults)
 85499 | Vaults:1 | Reached skill level 17 in Summonings
 85710 | Vaults:2 | Noticed Xtahua
 85721 | Vaults:2 | Killed Xtahua
 85723 | Vaults:2 | Noticed Margery
 85731 | Vaults:2 | Killed Margery
 85821 | Vaults:2 | HP: 6/215 [necromancer/bolt of cold[Margery] (30)]
 85843 | Vaults:2 | Reached skill level 15 in Dodging
 86244 | Vaults:2 | Reached XP level 24. HP: 223/223 MP: 39/39
 86265 | Vaults:2 | Upgraded the game from 0.16-a0-212-g3ed950e to 0.16-a0-223-g37887f7
 86425 | Vaults:2 | Noticed Mara
 86430 | Vaults:2 | Noticed Ololoev's illusion
 86440 | Vaults:2 | Killed Mara
 87284 | Vaults:2 | Reached skill level 18 in Summonings
 89624 | Vaults:3 | Found a staircase to the Crypt.
 90148 | Vaults:4 | Reached skill level 19 in Summonings
 90342 | Vaults:4 | Reached skill level 1 in Evocations
 90389 | Vaults:4 | Found Simes' Food Shoppe.
 90396 | Vaults:4 | Found a magical portal.
 90399 | WizLab   | Entered Doroklohe's Tomb
 91708 | Vaults:4 | Reached XP level 25. HP: 204/230 MP: 39/39
 92033 | Vaults:4 | Gained mutation: Your tail ends in a poisonous barb. [potion of beneficial mutation]
 92109 | Vaults:4 | Reached skill level 20 in Summonings
 93034 | Vaults:5 | Entered Level 5 of the Vaults
 93034 | Vaults:5 | Noticed Frederick
 93251 | Vaults:5 | Killed Frederick
 93262 | Vaults:5 | Found Smin's Book Shoppe.
 93263 | Vaults:5 | Noticed Wiglaf
 93739 | Vaults:3 | Reached skill level 21 in Summonings
 94444 | Crypt:1  | Entered Level 1 of the Crypt
 94469 | Crypt:1  | Reached XP level 26. HP: 186/239 MP: 38/40
 95072 | Crypt:1  | Reached skill level 22 in Summonings
 96686 | Crypt:3  | Entered Level 3 of the Crypt
 97377 | Crypt:3  | Found an ancient bone altar of Kikubaaqudgha.
 97941 | Crypt:3  | Got a crude ruby amulet
 97975 | Crypt:3  | Noticed an ancient lich
 98004 | Crypt:3  | HP: 7/242 [Hell Sentinel[an ancient lich] (14)]
 98483 | Crypt:3  | Learned a level 3 spell: Regeneration
 98550 | Crypt:3  | Reached skill level 23 in Summonings
 99033 | Crypt:3  | Killed an ancient lich
 99391 | Crypt:3  | Found a staircase to the Tomb.
101054 | Crypt:3  | Identified the amulet of Birdsong {+Rage Str+2 Slay+5} (You took it off a deep elf death mage on level 3 of the Crypt)
101757 | Vaults:5 | Reached XP level 27. HP: 250/252 MP: 40/40
101944 | Vaults:5 | Reached skill level 1 in Charms
101954 | Vaults:5 | Reached skill level 1 in Necromancy
102247 | Vaults:5 | Killed Wiglaf
102606 | Vaults:5 | Reached skill level 5 in Necromancy
102772 | Vaults:5 | Got a silver rune of Zot
102904 | Vaults:5 | Found Ora Fuwk's Food Emporium.
102919 | Vaults:5 | Found Epsappaa's Magic Scroll Boutique.
102931 | Vaults:5 | Bought a scroll of enchant weapon for 150 gold pieces
102931 | Vaults:5 | Bought a scroll of blinking for 150 gold pieces
102931 | Vaults:5 | Bought a scroll of identify for 40 gold pieces
102931 | Vaults:5 | Bought a scroll of identify for 40 gold pieces
102931 | Vaults:5 | Bought a scroll of teleportation for 60 gold pieces
102931 | Vaults:5 | Bought a scroll of blinking for 150 gold pieces
102931 | Vaults:5 | Bought a scroll of identify for 40 gold pieces
102931 | Vaults:5 | Bought a scroll of identify for 40 gold pieces
102931 | Vaults:5 | Bought a scroll of teleportation for 60 gold pieces
102946 | Vaults:5 | Found Claon's Distillery.
102950 | Vaults:5 | Bought a potion of heal wounds for 51 gold pieces
102950 | Vaults:5 | Bought a potion of curing for 34 gold pieces
102950 | Vaults:5 | Bought a potion of curing for 34 gold pieces
103079 | Vaults:5 | Found Pluashun's Jewellery Shop.
103087 | Vaults:5 | Found Isch's Antique Weapon Shoppe.
103154 | Vaults:5 | Reached skill level 24 in Summonings
103162 | Vaults:5 | Found Cahony's Distillery.
103186 | Vaults:5 | Bought 2 potions of magic for 253 gold pieces
103186 | Vaults:5 | Bought a potion of resistance for 161 gold pieces
103189 | Vaults:5 | Found Duawo's Antique Armour Shop.
103624 | Vaults:5 | Learned a level 9 spell: Dragon's Call
104107 | Vaults:5 | Gained mutation: You are weak. (Str -2) [a cacodemon]
104110 | Vaults:5 | Gained mutation: You are frail (-10% HP). [a neqoxec]
104128 | Vaults:4 | Lost mutation: You are weak. (Str -2) [potion of cure mutation]
104128 | Vaults:4 | Lost mutation: Your tail ends in a poisonous barb. [potion of cure mutation]
104128 | Vaults:4 | Lost mutation: You can exhale a cloud of poison. [potion of cure mutation]
104128 | Vaults:4 | Lost mutation: You are frail (-10% HP). [potion of cure mutation]
104589 | Zig:1    | Entered Level 1 of a ziggurat
104629 | Zig:1    | Got a pitted golden amulet
104632 | Zig:2    | Entered Level 2 of a ziggurat
104636 | Zig:2    | Identified the amulet "Readoefu" {Ward rN+ Dex+3 Int+2} (You found it on level 1 of a ziggurat)
104743 | Zig:3    | Entered Level 3 of a ziggurat
104908 | Zig:4    | Entered Level 4 of a ziggurat
105169 | Zig:5    | Entered Level 5 of a ziggurat
105241 | Zig:6    | Entered Level 6 of a ziggurat
105311 | Zig:6    | Got a shimmering quarterstaff
105312 | Zig:6    | Identified the cursed +0 quarterstaff of the Doomed Warrior {crush, +Blink MR+} (You found it on level 6 of a ziggurat)
105374 | Zig:7    | Entered Level 7 of a ziggurat
105405 | Zig:7    | Got a crude ruby amulet
105406 | Zig:7    | Identified the amulet of Thuo {Inacc rF++} (You found it on level 7 of a ziggurat)
105551 | Zig:8    | Entered Level 8 of a ziggurat
105576 | Zig:8    | Reached skill level 25 in Summonings
105644 | Zig:8    | Identified the Guide on Lethal Black Arts
105801 | Zig:9    | Entered Level 9 of a ziggurat
106015 | Zig:9    | Got an ancient mace
106016 | Zig:9    | Identified the +7 mace of Uprivued {crush, +Fly} (You found it on level 9 of a ziggurat)
106035 | Zig:9    | Identified the Incunabulum of Venomous Conjuration (You found it on level 9 of a ziggurat)
106058 | Zig:10   | Entered Level 10 of a ziggurat
106308 | Zig:10   | Got a transparent cloak
106319 | Zig:10   | Identified the cursed -3 cloak of Fefir {Int+1} (You found it on level 10 of a ziggurat)
106343 | Zig:11   | Entered Level 11 of a ziggurat
106345 | Zig:11   | Noticed Tolias' ghost (legendary SpCK)
106392 | Zig:11   | Killed Tolias' ghost
106601 | Zig:11   | Got a transparent dire flail
106613 | Zig:11   | Identified the +5 dire flail of Mana {crush, rPois Int+3} (You found it on level 11 of a ziggurat)
106614 | Zig:11   | Got an iridescent blowgun
106615 | Zig:11   | Identified the cursed +3 blowgun "Heymicw" {speed, rN+} (You found it on level 11 of a ziggurat)
106623 | Zig:12   | Entered Level 12 of a ziggurat
106901 | Zig:13   | Entered Level 13 of a ziggurat
106905 | Zig:13   | Noticed an orb of fire
106905 | Zig:13   | Gained mutation: Your spells are a little easier to cast, but a little less powerful. [an orb of fire]
106910 | Zig:13   | Gained mutation: Your flesh is heat resistant. [an orb of fire]
106911 | Zig:13   | Noticed an orb of fire
106912 | Zig:13   | Noticed an orb of fire
106913 | Zig:13   | Gained mutation: Your flesh is cold resistant. [an orb of fire]
106913 | Zig:13   | Gained mutation: You are weak. (Str -2) [an orb of fire]
106925 | Zig:13   | Gained mutation: You have an increased reservoir of magic (+10% MP). [an orb of fire]
106928 | Zig:13   | Killed an orb of fire
106932 | Zig:13   | Lost mutation: You have an increased reservoir of magic (+10% MP). [an orb of fire]
106938 | Zig:13   | Killed an orb of fire
106945 | Zig:13   | Killed an orb of fire
107425 | Zig:13   | Identified Shrim's Papyrus of Fiery Talismans
107474 | Zig:14   | Entered Level 14 of a ziggurat
107495 | Zig:14   | Noticed Yned the pandemonium lord
107502 | Zig:14   | Noticed Cuxur the pandemonium lord
107548 | Zig:14   | Killed Cuxur the pandemonium lord
107602 | Zig:14   | Reached skill level 26 in Summonings
107615 | Zig:14   | HP: 8/258 [Killer Klown (11)]
107620 | Zig:14   | HP: 7/258 [poisoned by a ghost moth]
107621 | Zig:14   | Mangled by a soul eater

Action                   |  1- 3 |  4- 6 |  7- 9 | 10-12 | 13-15 | 16-18 | 19-21 | 22-24 | 25-27 || total
-------------------------+-------+-------+-------+-------+-------+-------+-------+-------+-------++-------
Melee: Dagger            |    32 |    61 |       |       |       |       |       |       |       ||    93
       Short sword       |       |     7 |   256 |   788 |   548 |       |       |       |       ||  1599
       Whip              |       |       |       |       |   357 |   381 |    82 |       |       ||   820
       Flail             |       |       |       |       |       |   136 |       |       |       ||   136
       Unarmed           |       |       |       |       |       |     2 |       |       |       ||     2
       Morningstar       |       |       |       |       |       |   332 |  1287 |  1968 |  2545 ||  6132
       Demon whip        |       |       |       |       |       |       |    41 |   172 |       ||   213
 Cast: Magic Dart        |    27 |    64 |   125 |   520 |   371 |   144 |   130 |   106 |    20 ||  1507
       Conjure Flame     |     1 |     3 |     6 |    23 |    17 |     6 |     3 |       |       ||    59
       Call Imp          |       |    13 |    12 |    47 |     7 |     1 |       |       |       ||    80
       Repel Missiles    |       |     1 |     1 |     3 |     2 |       |       |     1 |     7 ||    15
       Mephitic Cloud    |       |     1 |    21 |    69 |    43 |     7 |       |       |       ||   141
       Passage of Golubr |       |       |       |       |     5 |     1 |       |     1 |       ||     7
       Shroud of Golubri |       |       |       |       |     3 |       |       |       |       ||     3
       Lightning Bolt    |       |       |       |       |   103 |   122 |   306 |   187 |    34 ||   752
       Blink             |       |       |       |       |     4 |       |       |       |       ||     4
       Control Teleport  |       |       |       |       |     2 |     5 |     3 |     5 |     5 ||    20
       Fireball          |       |       |       |       |     4 |    71 |   163 |    67 |     1 ||   306
       Shadow Creatures  |       |       |       |       |       |       |     2 |    22 |       ||    24
       Apportation       |       |       |       |       |       |       |       |     4 |       ||     4
       Summon Greater De |       |       |       |       |       |       |       |     7 |    10 ||    17
       Aura of Abjuratio |       |       |       |       |       |       |       |     2 |     2 ||     4
       Dragon's Call     |       |       |       |       |       |       |       |       |    15 ||    15
       Regeneration      |       |       |       |       |       |       |       |       |    14 ||    14
Invok: Slouch            |       |       |       |     9 |    22 |    16 |    16 |    13 |    34 ||   110
       Bend Time         |       |       |       |       |       |     2 |       |       |       ||     2
       Temporal Distorti |       |       |       |       |       |     4 |       |       |     1 ||     5
       Step From Time    |       |       |       |       |       |       |       |       |     1 ||     1
 Abil: Spit Poison       |     6 |    20 |    53 |    38 |       |     1 |       |       |     1 ||   119
       Breathe Fire      |       |       |       |       |       |     4 |     5 |       |       ||     9
       Evoke Flight      |       |       |       |       |       |       |     5 |     2 |       ||     7
       Breathe Poison Ga |       |       |       |       |       |       |     4 |    20 |     4 ||    28
Evoke: Wand              |       |       |     5 |     8 |     1 |     2 |     8 |     4 |     7 ||    35
       Deck              |       |       |       |       |       |       |     5 |       |       ||     5
       Rod               |       |       |       |       |       |       |       |     4 |       ||     4
       Fan of gales      |       |       |       |       |       |       |       |       |     1 ||     1
  Use: Scroll            |       |       |    14 |    14 |    14 |    19 |    18 |    17 |    29 ||   125
       Potion            |       |       |     3 |     1 |    10 |     6 |    10 |    14 |    27 ||    71
 Stab: Sleeping          |     5 |     1 |     5 |     9 |    11 |     8 |    13 |    11 |    10 ||    73
       Confused          |       |     1 |     6 |    25 |    32 |    12 |       |       |       ||    76
       Distracted        |       |       |     1 |     2 |     4 |     3 |     8 |     8 |    12 ||    38
       Fleeing           |       |       |       |       |     1 |     1 |       |       |       ||     2
       Invisible         |       |       |       |       |       |       |       |     4 |       ||     4
  Eat: Chunk             |     2 |    10 |    18 |    35 |    34 |    22 |    27 |    45 |    42 ||   235
       Royal jelly       |       |       |       |       |     3 |       |       |     1 |       ||     4
       Pizza             |       |       |       |       |     1 |       |       |       |       ||     1
       Meat ration       |       |       |       |       |       |     3 |     6 |     4 |     2 ||    15
